T, neutral male human Tourist ---- |..-- ---.<.------ |..........| ---.|.------ - |...|-- ----.--- --....| |....--- |....).| ------@- -..G) ....... ......|.| |.....---- ---...| ----- T the Rambler Experience level: 1 Strength: 11 Dexterity: 11 Constitution: 16 Intelligence: 14 Wisdom: 8 Charisma: 13 Health: 0(12) Energy: 2(2) Def: 7 Gold: 190 Moves: 536 Dungeon seed: tRlFiW5ssD5V5IlL Game ID: T_1742410745 Your Inventory: Coins $ - 190 gold pieces Weapons a - 5 uncursed +2 darts (in quiver) s - 8 cursed +0 darts Armor e - an uncursed +0 Hawaiian shirt (being worn) q - an uncursed +0 dwarvish mithril-coat (being worn) r - an uncursed +0 cloak of displacement (being worn) Comestibles b - an uncursed egg c - 7 uncursed food rations d - an uncursed fortune cookie f - an uncursed pear g - an uncursed slime mold Scrolls i - 4 uncursed scrolls of magic mapping Potions h - an uncursed potion of extra healing p - an uncursed potion of enlightenment Tools j - an uncursed credit card k - an uncursed expensive camera (0:62) l - an uncursed leash m - an uncursed magic marker (0:0) n - an uncursed tin opener (weapon in hand) o - an uncursed towel Gems y - an uncursed worthless piece of blue glass Spells and supernatural/magical abilities: Name Level Category Cost Memory W - pray for help -- divine ? -- Your skills at the end: Fighting Skills wands [Basic] Weapon Skills dart [Basic] Spellcasting Skills Final Attributes: You were fervently aligned. You were displaced. The Lady was noncommittal. You are dead. Vanquished creatures: a gnome 4 jackals 2 grid bugs a newt 8 creatures vanquished. Voluntary challenges: You went without food. You were an atheist. You never hit with a wielded weapon. You were illiterate. You never genocided any monsters. You never polymorphed an object. You never changed form. You used no wishes. You never split a pudding. You never wrote Elbereth's name. You never violated your personal moral code. Dungeon overview: The Dungeons of Doom: levels 1 to 2 Level 1 a long staircase Level 2 an armor shop stairs to The Gnomish Mines The Gnomish Mines: Level 3 <- You were here stairs to The Dungeons of Doom History has recorded: On T:1 you entered the Dungeons of Doom to retrieve the Amulet of Yendor! On T:2 you reached level 2 of The Dungeons of Doom. On T:504 you reached level 1 of The Gnomish Mines. Score breakdown: Gold: 0 ( 0 points) Experience: 1 level ( 0 points) Exploration: 3 levels ( 6.12%) ( 6123 points) Discoveries: 4 items ( 1.32%) ( 3446 points) Valuables value: (no points given unless you survive) Artifact value: 0 ( 0 points) Variety of kills: 4 monsters ( 1.05%) ( 3077 points) Turncount: 536 turns ( 0 points) Survival: died (score multiplied by 80%) Total score: 10116 Latest messages: <In what direction?: southeast> The dart misses the gnomish wizard. <In what direction?: southeast> The dart misses the gnomish wizard. The golden haze around the gnomish wizard becomes less dense. <In what direction?: southeast> The dart misses the gnomish wizard. You hear a distant squeak. <In what direction?: southeast> The dart misses the gnomish wizard. <In what direction?: southeast> The dart misses the gnomish wizard. <In what direction?: southeast> The dart misses the gnomish wizard. You hear a distant squeak. <In what direction?: southeast> The dart misses the gnomish wizard. <In what direction?: southeast> The dart misses the gnomish wizard. <In what direction?: southeast> The dart misses the gnomish wizard. <In what direction?: southeast> The dart misses the gnomish wizard. The gnomish wizard casts a spell! The force bolt hits you! You die... <Do you want your possessions identified? [ynq]: q> <Untitled menu: no selections> <Spells and supernatural/magical abilities:: (none selected)> <Dungeon overview:: (none selected)> Final status: Aloha T the Tourist, killed by a gnomish wizard's force bolt... You died in The Gnomish Mines on dungeon level 3 with 10116 points, and 190 pieces of gold, after 536 moves. You were level 1 with a maximum of 12 hit points when you died.